Unix NetHack Version 3.7.0-59 Work-in-progress - last build May 22 2022 07:16:55 (d83f55cc88dfe54b56df59a0ae15379164b6fae3,branch:master). Game began 2022-05-22 13:54:30, ended 2022-05-22 14:02:50. Arasaka, neutral male gnomish Healer # -- # |.---- --- --- --- ----..- --....--... |.| |.. .....| -......... |.| |.. ....| .........- |.| +..- ...| -........| |.| |..| -----..| ....... |.-----..| |@@.|..--+---+- -.....- |.. .....| |((.-(............- -- -....-- |.. ....| |((.|...d..--+- | -- --.--.....----|.- -...| -+------..{@.....| | |...............--.| +...| |................| .| . |.....<............| |...| --+-.....---|.-..-------.-.-- ---................----...--+-- |..-|-|..................| |..|..|^...--......|........| |..|. |----...........-- | --------...||......|..#.....----..| |.(.-....|....... ....||......|-....{........| |%..|....-...._.. -.------....--..|....#.....--------....|....... --- --.......|-.....................|----.--.- ----------------------.--..----- 0 ------- Arasaka the Rhizotomist St:10 Dx:9 Co:16 In:9 Wi:15 Ch:16 Neutral Dlvl:6 $:0 HP:0(17) Pw:14(20) AC:6 Xp:2/38 T:1473 Latest messages: You hear the splashing of a naiad. What do you want to write with? [- afmnv or ?*] You write in the dust with your fingertip. The homunculus turns to flee. You hear crashing rock. The door opens. What do you want to drop? [$a-gijl-oq-y or ?*] You drop a pick-axe. Korone misses the gnome lady. You hear crashing rock. "Hello, Arasaka! Welcome to Renrut's hardware store!" Korone misses the gnome lady. It bites the gnome lady. The gnome lady wields 3 daggers! You see here a lamp (for sale, 8 zorkmids). You hear some noises in the distance. (For instructions type a '?') You see here a whistle called tin (for sale, 8 zorkmids). You see here a whistle called tin (for sale, 8 zorkmids). You see here a tin opener (for sale, 23 zorkmids). You see here a whistle called tin (for sale, 8 zorkmids). It bites the gnome lady. The gnome lady is killed! You see here a figurine of a giant rat (for sale, 60 zorkmids). Korone eats a gnome lady corpse. The dungeon acoustics noticeably change. You see here a drum (for sale, 19 zorkmids). "For you, good sir; only 19 zorkmids for this drum." A - a drum (unpaid, 19 zorkmids). What do you want to use or apply? [cfgiloxA or ?*] You start playing Renrut's drum. "Usage fee, 4 zorkmids." You produce a heavy, thunderous rolling! The entire dungeon is shaking around you! Renrut gets angry! "Halt! You're under arrest!" An angry guard is approaching! Korone turns to flee. The watch captain picks up 6 darts. Renrut zaps a steel wand! The wand hits you! What do you want to use or apply? [cfgiloxA or ?*] You start playing Renrut's drum of earthquake. "Hey! Ahem. Usage fee, 6 zorkmids." You produce a heavy, thunderous rolling! The entire dungeon is shaking around you! Renrut zaps a steel wand! The wand hits you! You die... Renrut takes all your possessions. Major events: Turn 1: Arasaka the neutral male gnomish Healer entered the dungeon 1039: entered the Gnomish Mines 1364: reached Mine Town 1473: killed by a wand Inventory: Weapons (')') a - an uncursed +0 scalpel (weapon in hand) Armor ('[') b - an uncursed burnt +1 pair of leather gloves (being worn) t - a cursed -1 pair of levitation boots named C Comestibles ('%') j - 6 uncursed apples Scrolls ('?') s - an uncursed scroll of remove curse w - an uncursed scroll of teleportation y - a cursed scroll of teleportation Spellbooks ('+') l - an uncursed spellbook of create monster g - a blessed spellbook of healing i - a blessed spellbook of stone to flesh Potions ('!') e - 2 uncursed potions of extra healing d - 4 uncursed potions of healing u - an uncursed potion of healing r - an uncursed potion of water Wands ('/') f - an uncursed wand of sleep (0:4) Tools ('(') A - an uncursed drum of earthquake (0:5) o - an uncursed leash c - an uncursed stethoscope x - an uncursed tin whistle Gems/Stones ('*') n - an uncursed agate stone m - an uncursed worthless piece of green glass v - an uncursed worthless piece of orange glass Arasaka the Healer's attributes: Background: You were a Rhizotomist, a level 2 male gnomish Healer. You were neutral, on a mission for Hermes who was opposed by Athena (lawful) and Poseidon (chaotic). You were in the Gnomish Mines, on level 6. You entered the dungeon 1473 turns ago. You had 38 experience points, 2 more were needed to attain level 3. Basics: You had 0 out of 17 hit points. You had 14 out of 20 energy points (spell power). Your armor class was 6. Your wallet was empty. Autopickup was on, but temporarily disabled while inside the shop. Final Characteristics: Your strength was 10 (limit:18/50). Your dexterity was 9 (limit:18). Your constitution was 16 (limit:18). Your intelligence was 9 (limit:19). Your wisdom was 15 (limit:18). Your charisma was 16 (limit:18). Final Status: You were not hungry. You were unencumbered. You were wielding a knife. You had basic skill with knife. Final Attributes: You were fervently aligned. You were poison resistant. You had infravision. You had a small defense bonus (+3). You were warded. You are dead. Miscellaneous: You disabled loading of bones levels. Total elapsed playing time was 8 minutes and 20 seconds. Vanquished creatures: a shrieker a gnome leader a dwarf a kobold leader an iguana a hobbit a green mold a red mold 3 gnomes a garter snake a gnome zombie 3 geckos 5 jackals 2 goblins 3 sewer rats 4 grid bugs 4 lichens 5 newts 39 creatures vanquished. No species were genocided or became extinct. Voluntary challenges: You read items or engraved 6 times. You engraved Elbereth 4 times. You never genocided any monsters. You never polymorphed an object. You never changed form. You used no wishes. Achievements: You entered the Gnomish Mines. You entered Minetown. You entered a temple. You entered a shop. The Dungeons of Doom: levels 1 to 4 Level 1: Level 2: An altar, a fountain. Level 3: A fountain. Stairs down to The Gnomish Mines. Level 4: The Gnomish Mines: levels 4 to 6 Level 4: Level 5: Level 6: <- You were here. Some shops, a temple, some fountains, some trees. Final resting place for you, killed by a wand. Game over: ---------- / \ / REST \ / IN \ / PEACE \ / \ | Arasaka | | 0 Au | | killed by a wand | | | | | | | | 2022 | *| * * * | * _________)/\\_//(\/(/\)/\//\/|_)_______ Goodbye Arasaka the Healer... You died in The Gnomish Mines on dungeon level 6 with 422 points, and 0 pieces of gold, after 1473 moves. You were level 2 with a maximum of 17 hit points when you died.